 Dungeon Crawl Stone Soup version 0.24-a0-518-g9d8d8d5b78 (webtiles) character file.

Game seed: 13620543854018320498

313 Mithandil the Conjurer (level 6, 0/32 HPs)
             Began as a Deep Elf Conjurer on July 23, 2019.
             Slain by a bullfrog (6 damage)
             ... in a sewer.
             The game lasted 00:35:01 (4643 turns).

Mithandil the Conjurer (Deep Elf Conjurer)          Turns: 4643, Time: 00:35:02

Health: 0/32       AC:  7    Str:  6    XL:     6   Next: 19%
Magic:  10/14      EV:  9    Int: 21    God:
Gold:   128        SH:  4    Dex: 15    Spells: 2/13 levels left

rFire    + . .     SeeInvis .   a - +2 dagger (venom)
rCold    + . .     Gourm    .   j - +0 buckler
rNeg     . . .     Faith    .   q - +1 leather armour {rF+}
rPois    .         Spirit   .   m - +1 helmet
rElec    .         Reflect  .   (no cloak)
rCorr    .         Harm     .   (no gloves)
MR       .....                  t - +0 pair of boots
Stlth    ++........             (no amulet)
HPRegen  0.10/turn              g - ring of stealth
MPRegen  0.14/turn              k - ring of protection from cold

@: constricted, very slow
A: no striking features
a: no special abilities


You were in a sewer.
You were not hungry.

You visited 1 branch of the dungeon, and saw 5 of its levels.
You also visited: Sewer.

You collected 128 gold pieces.

Inventory:

Hand Weapons
 a - a +2 dagger of venom (weapon)
 b - a +0 short sword
 r - a +2 flail of holy wrath
Missiles
 p - 3 poisoned darts (quivered)
 v - 27 arrows
Armour
 j - a +0 buckler (worn)
 m - a +1 helmet (worn)
 q - a +1 leather armour of fire resistance (worn)
 t - a +0 pair of boots (worn)
Jewellery
 g - a ring of stealth (left hand)
 k - a ring of protection from cold (right hand)
 l - an uncursed ring of wizardry {unknown}
Wands
 o - a wand of iceblast (9)
Scrolls
 d - 2 scrolls of identify
 i - 2 scrolls of remove curse
 s - a scroll of immolation
 y - 2 scrolls of fog {unknown}
 z - 2 scrolls of magic mapping {unknown}
Potions
 e - 2 potions of curing {unknown}
 f - 3 potions of heal wounds {unknown}
 h - 3 potions of agility {unknown}
 n - a potion of lignification {unknown}
 u - a potion of berserk rage {unknown}
 x - 2 potions of brilliance {unknown}
Comestibles
 c - 5 rations
 w - 2 chunks of flesh


   Skills:
 * Level 2.2 Short Blades
 + Level 3.5 Dodging
 + Level 3.5 Stealth
 * Level 1.9 Shields
 + Level 4.3 Spellcasting
 + Level 5.3 Conjurations
 + Level 1.4 Translocations


You had 2 spell levels left.
You knew the following spells:

 Your Spells              Type           Power        Failure   Level  Hunger
a - Magic Dart            Conj           ####         2%          1    None
b - Searing Ray           Conj           ####..       4%          2    #......
c - Force Lance           Conj/Tloc      ###.....     52%         4    ####...
d - Iskenderun's Mystic   Conj           ####....     26%         4    ####...

Your spell library contained the following spells:

 Spells                   Type           Power        Failure   Level  Hunger
 Dazzling Spray           Conj/Hex       ###...       24%         3    ##.....
 Fulminant Prism          Conj/Hex       ###.......   63%         4    ####...


Dungeon Overview and Level Annotations

Branches:
Dungeon (5/15)
 Temple: D:4-7

Altars:
Okawaru
Ru

Annotations:
D:3 exclusion: 2 downstairs


Message History

The ball python bites you but does no damage.
The ball python's grasp on you weakens, but your attempt to escape fails.
The bullfrog closely misses you.
The ball python bites you but does no damage.
The ball python constricts you. The bullfrog barely misses you.
The ball python bites you but does no damage.
The frilled lizard bites you but does no damage.
The bullfrog barely misses you. The frilled lizard bites you.
* * * LOW HITPOINT WARNING * * *
The ball python closely misses you. x2; The ball python constricts you.
The ball python's grasp on you weakens, but your attempt to escape fails.
You block the bullfrog's attack. The ball python closely misses you.
The bullfrog hits you but does no damage.
The frilled lizard barely misses you. You block the ball python's attack.
The bullfrog misses you. The ball python barely misses you.
The ball python constricts you. The frilled lizard barely misses you.
As you read the scroll of immolation, it crumbles to dust.
The creatures around you are filled with an inner flame!
The bullfrog hits you.
You die...

#≈≈≈≈≈≈# #≈≈≈≈≈≈#
#≈≈≈≈≈≈# #≈≈≈≈≈≈#
#≈≈≈≈≈≈# #≈≈≈≈≈≈#
#≈≈≈≈≈≈# #≈≈≈≈.≈#
#≈≈≈..## #≈≈≈≈.≈#
#....≈≈# #≈≈≈≈≈≈#
##....≈# #≈≈l≈#≈#
#≈≈≈≈≈≈# #≈lFF≈≈#
#≈≈≈†≈≈# #≈l@S≈≈#
#≈≈≈÷≈≈# #≈≈SS≈≈#
#≈≈÷≈≈≈# #≈≈≈≈≈≈#
#≈≈≈≈≈≈# #####≈≈≈≈≈≈#
##..÷≈.# #..###≈≈≈≈.#
#....÷.###..##......#
##....÷.##'##......##
#.....÷.#.........#
##...............##


You could see 2 bullfrogs, 3 ball pythons and 3 frilled lizards.

Vanquished Creatures
  A crimson imp (D:3)
  A worker ant (D:5)
  Robin (D:3)
  2 river rats (Sewer)
  9 adders
  3 oozes
  A worm (D:2)
  4 dart slugs
  11 orcs
  10 ball pythons
  10 bats
  3 giant cockroaches
  19 goblins
  10 hobgoblins
  A quokka (D:3)
  3 frilled lizards (D:2)
  3 kobolds
  30 rats
122 creatures vanquished.

Notes
Turn   | Place    | Note
-------+----------+-------------------------------------------
     0 | D:1      | Mithandil the Deep Elf Conjurer began the quest for the
                  | Orb.
     0 | D:1      | Reached XP level 1. HP: 10/10 MP: 6/6
   264 | D:2      | Found an iron altar of Okawaru.
   266 | D:2      | Reached XP level 2. HP: 15/15 MP: 5/8
   271 | D:2      | Learned a level 2 spell: Searing Ray
   749 | D:1      | Reached XP level 3. HP: 19/19 MP: 5/10
  1461 | D:3      | Reached XP level 4. HP: 24/24 MP: 8/11
  1468 | D:3      | Learned a level 4 spell: Force Lance
  1494 | D:3      | Found a sacrificial altar of Ru.
  1808 | D:2      | Reached skill level 1 in Short Blades
  1915 | D:2      | Reached skill level 5 in Conjurations
  1988 | D:3      | Reached skill level 1 in Shields
  2304 | D:3      | Reached XP level 5. HP: 22/28 MP: 2/13
  2552 | D:3      | Reached skill level 1 in Translocations
  2903 | D:4      | Noticed Robin
  3441 | D:3      | Killed Robin
  3610 | D:5      | Entered Level 5 of the Dungeon
  3978 | D:5      | Found a glowing drain.
  4001 | Sewer    | Entered a sewer
  4224 | Sewer    | Learned a level 4 spell: Iskenderun's Mystic Blast
  4389 | Sewer    | Reached XP level 6. HP: 32/32 MP: 6/14
  4643 | Sewer    | Slain by a bullfrog

Levels and vault maps discovered:
D:1:      ncdulo_lavacross, layout_basic
D:2:      minmay_recursive_quarters, layout_basic, kennysheep_okawaru_gauntlet
D:3:      layout_rooms, nicolae_ru_sacrificial_ziggurat, st_stairs_10,
          nrook_mini_vaults, minivault_5, minmay_misc_feat_encased
D:4:      layout_basic, minmay_temple_entry_mini_moons, serial_forest,
          infiniplex_forest_lined_room_, infiniplex_forest_lined_ring,
          infiniplex_forest_lined_3_way, infiniplex_forest_lined_room_2,
          infiniplex_forest_end_3, infiniplex_forest_clump_double,
          infiniplex_forest_lined_room_2, infiniplex_forest_straight_4,
          infiniplex_forest_lined_2, hex_intersection, uniq_pikel, uniq_robin
D:5:      layout_basic, first_ration, cheibrodos_sewer_entry_drain
Sewer:    sewer_minmay_w

Skill      XL: |  1  2  3  4  5 |
---------------+----------------+-----
Dodging        | 3 |  3.5
Stealth        | 3 |  3.5
Short Blades   | 1 2 |  2.2
Conjurations   | 5 |  5.3
Shields        | 1 |  1.9
Spellcasting   | 4 |  4.3
Translocations | 1 |  1.4

Action                   |  1- 3 |  4- 6 || total
-------------------------+-------+-------++-------
Melee: Dagger            |     9 |    57 ||    66
Throw: Dart              |       |     1 ||     1
 Cast: Magic Dart        |    62 |   151 ||   213
  Use: Scroll            |     2 |     7 ||     9
  Eat: Chunk             |     1 |    10 ||    11
Armor: Robe              |     2 |       ||     2
       Leather armour    |       |    54 ||    54
Dodge: Dodged            |    15 |   115 ||   130
Block: Buckler           |     2 |    33 ||    35

Table legend:
 A = Non-vault XP
 B = Vault XP
 C = Vault XP percentage of total XP
 D = Non-vault monster count
 E = Vault monster count
 F = Vault count percentage of total count
                 A         B        C        D         E       F
            +---------+---------+-------+---------+---------+-------
      Total |     255 |     193 |  43.1 |      60 |      62 |  50.8
            +---------+---------+-------+---------+---------+-------
        D:1 |      54 |       0 |   0.0 |      26 |       0 |   0.0
        D:2 |      60 |      15 |  20.0 |      11 |       8 |  42.1
        D:3 |     106 |      50 |  32.1 |      21 |      13 |  38.2
        D:5 |      35 |       2 |   5.4 |       2 |       1 |  33.3
      Sewer |       0 |     126 | 100.0 |       0 |      40 | 100.0
            +---------+---------+-------+---------+---------+-------
